Map: Blackpink LE

Players

axu - Winner!

  • Race: Protoss Protoss
  • League: Platinum
  • Spawn Location: 1:00

Yakitto

  • Race: Terran Terran
  • League: Platinum
  • Spawn Location: 7:00

VOD

Have the link to the VOD?

Description

Time

  • Played on: March 28, 2018, 12:09 p.m.
  • Length: 10:21
Show
View Real Time Build Order
Export as new Build Order

axu Protoss - Winner!

Build Orders: 1 Gate Expand 

Get SALT Encoding   

  12  0:00  Probe  
  13  0:12  Probe  
  14  0:17  Pylon  
  14  0:25  Probe  
  15  0:37  Probe  
  15  0:39  Gateway  
  16  0:52  Probe (Chrono Boost)  
  16  0:55  Assimilator  
  18  1:04  Probe (Chrono Boost)  
  18  1:10  Probe (Chrono Boost)  
  19  1:18  Probe  
  20  1:26  Nexus  
  21  1:36  Cybernetics Core  
  20  1:48  Probe (Chrono Boost)  
  20  1:53  Assimilator  
  21  2:00  Probe (Chrono Boost)  
  22  2:05  Probe (Chrono Boost)  
  23  2:09  Warp Gate (Chrono Boost)  
  23  2:10  Pylon  
  22  2:20  Probe  
  23  2:28  Stalker  
  25  2:32  Robotics Facility, Probe  
  26  2:40  Probe  
  27  2:44  Probe  
  28  2:52  Probe  
  28  2:53  Gateway  
  28  2:56  Probe  
  30  2:59  Stalker  
  32  3:09  Gateway  
  32  3:14  Pylon  
  32  3:18  Probe x2  
  34  3:30  Immortal  
  34  3:32  Probe  
  39  3:35  Probe  
  40  3:44  Probe  
  40  3:47  Probe  
  42  3:52  Shield Battery  
  42  3:59  Probe x2  
  44  4:10  Stalker x2  
  44  4:11  Stalker, Probe x2  
  52  4:27  Pylon  
  52  4:31  Probe x2  
  54  4:39  Pylon  
  54  4:45  Immortal, Probe  
  59  4:46  Stalker  
  61  4:57  Pylon  
  61  5:02  Shield Battery  
  61  5:07  Stalker x2  
  65  5:17  Twilight Council  
  65  5:20  Pylon  
  65  5:24  Stalker  
  65  5:25  Pylon  
  67  5:30  Immortal  
  71  5:38  Forge  
  71  5:45  Sentry x2  
  75  6:01  Assimilator  
  75  6:04  Assimilator  
  75  6:10  Observer  
  75  6:24  Nexus  
  75  6:25  Pylon  
  75  6:28  Pylon  
  75  6:34  Stalker x3  
  75  6:36  Immortal  
  85  7:02  Protoss Ground Weapons Level 1 (Chrono Boost)  
  85  7:07  Gateway  
  85  7:09  Gateway  
  85  7:11  Gateway  
  85  7:13  Gateway  
  85  7:17  Charge  
  85  7:19  Immortal  
  89  7:26  Forge  
  89  7:51  Stalker x2  
  89  7:52  Stalker  
  89  7:58  Warp Prism  
  97  8:17  Protoss Ground Armor Level 1 (Chrono Boost)  
  97  8:26  Stargate  
  97  8:30  Stargate  
  97  8:31  Stalker  
  97  8:32  Stalker x4  
  107  8:40  Observer  
  108  9:01  Zealot x4  
  108  9:02  Stalker x3  
  106  9:44  Warp Prism  
  100  9:49  Templar Archives  
  100  9:50  Stalker  
  100  9:51  Stalker x3  
  100  9:52  Stalker x3  
Show
View Real Time Build Order
Export as new Build Order

Yakitto Terran 

Build Orders: 1/1/1 

Get SALT Encoding   

  12  0:01  SCV  
  13  0:13  SCV  
  14  0:18  Supply Depot  
  14  0:25  Refinery  
  14  0:28  SCV  
  15  0:44  Barracks  
  15  0:49  SCV  
  16  0:57  Refinery  
  16  1:08  Supply Depot  
  16  1:09  SCV  
  17  1:21  SCV  
  18  1:36  Barracks Reactor  
  18  1:42  Factory  
  18  1:59  Orbital Command  
  18  2:14  Marine x2  
  20  2:27  Starport  
  20  2:31  SCV  
  20  2:36  Widow Mine  
  23  2:42  Marine x2  
  25  2:48  SCV  
  26  3:01  SCV  
  26  3:02  Factory Tech Lab  
  27  3:07  Marine x2  
  27  3:09  Medivac  
  31  3:18  Supply Depot  
  31  3:39  Marine x2  
  31  3:40  SCV, Siege Tank  
  37  3:41  Supply Depot  
  37  3:49  Medivac  
  39  4:03  Marine x2, SCV  
  42  4:17  Barracks  
  42  4:18  SCV  
  42  4:21  Marine x2  
  45  4:36  Starport Reactor  
  45  4:38  Marine x2  
  45  4:40  Supply Depot  
  45  4:43  Supply Depot  
  47  5:01  Marine x2, SCV, Siege Tank  
  53  5:07  Barracks Tech Lab  
  53  5:19  Marine x2  
  55  5:22  Command Center  
  55  5:37  Marine x2  
  55  5:39  SCV  
  58  5:45  Viking  
  60  5:54  Marine x2  
  62  5:58  SCV  
  63  6:06  Supply Depot  
  63  6:27  Marine x2, Siege Tank, Viking  
  70  6:33  Stimpack  
  70  6:39  Supply Depot  
  70  6:43  Factory  
  70  6:46  Orbital Command  
  70  6:59  Siege Tank  
  73  7:05  Viking  
  75  7:14  Orbital Command  
  75  7:31  Engineering Bay  
  75  7:33  Armory, Supply Depot  
  75  7:34  Marine x3  
  75  7:35  Siege Tank  
  81  7:43  SCV  
  82  7:51  Marine, SCV  
  83  7:55  SCV  
  85  8:03  SCV  
  85  8:05  Supply Depot  
  86  8:07  SCV  
  86  8:10  Missile Turret  
  87  8:24  Terran Vehicle Weapons Level 1  
  87  8:25  Starport  
  87  8:29  Factory Tech Lab  
  87  8:36  Viking x2  
  91  8:44  Supply Depot  
  91  8:52  Supply Depot, SCV  
  92  8:57  SCV  
  92  9:01  Refinery  
  93  9:04  Refinery  
  93  9:05  SCV  
  93  9:06  Viking  
  93  9:07  Supply Depot  
  93  9:09  SCV  
  97  9:10  Missile Turret  
  97  9:11  Starport Tech Lab  
  97  9:16  Thor  
  97  9:17  SCV  
  104  9:21  SCV  
  105  9:29  SCV  
  96  9:33  SCV  
Tags
 
Add a new tag
Caveats
  • Supply blocks, unpowered buildings, or Contaminate may cause inaccurate times.
  • Supply counts are checked every 10 seconds.